Map: Eternal Empire LE

Players

llIllIlIlIll

  • Race: Protoss Protoss
  • Spawn Location: 7:00

Lambo - Winner!

  • Race: Zerg Zerg
  • League: Master
  • Spawn Location: 1:00

VOD

Have the link to the VOD?

Description

Time

  • Played on: March 17, 2020, 11:23 a.m.
  • Length: 11:41
Show
View Real Time Build Order
Export as new Build Order

llIllIlIlIll Protoss 

Build Orders: 1 Gate Expand, Oracle Opening, Phoenix Opening, Zealot Archon 

Get SALT Encoding   

  12  0:00  Probe  
  13  0:12  Probe  
  14  0:19  Pylon  
  14  0:24  Probe (Chrono Boost)  
  15  0:37  Probe (Chrono Boost)  
  15  0:39  Gateway  
  16  0:46  Probe (Chrono Boost)  
  16  0:47  Assimilator  
  17  0:52  Probe  
  18  1:04  Probe  
  19  1:16  Probe  
  20  1:25  Nexus  
  20  1:35  Cybernetics Core  
  20  1:39  Probe  
  21  1:43  Assimilator  
  21  1:51  Probe  
  22  1:54  Pylon  
  22  2:03  Probe  
  23  2:10  Adept (Chrono Boost)  
  23  2:15  Probe (Chrono Boost)  
  26  2:16  Stargate  
  26  2:27  Probe (Chrono Boost), Warp Gate  
  27  2:32  Probe (Chrono Boost)  
  28  2:39  Stalker  
  28  2:41  Probe (Chrono Boost)  
  32  2:47  Probe (Chrono Boost)  
  32  2:51  Probe (Chrono Boost)  
  33  2:55  Probe (Chrono Boost)  
  33  2:56  Probe (Chrono Boost)  
  35  3:04  Oracle (Chrono Boost)  
  35  3:05  Probe  
  35  3:08  Probe  
  40  3:14  Pylon  
  40  3:17  Probe  
  41  3:20  Probe  
  41  3:24  Gateway  
  42  3:30  Probe  
  42  3:32  Probe  
  42  3:33  Adept, Phoenix  
  48  3:46  Probe x2  
  50  3:52  Nexus  
  50  3:58  Probe  
  51  4:03  Assimilator  
  51  4:04  Pylon, Assimilator  
  51  4:07  Oracle (Chrono Boost)  
  54  4:21  Robotics Facility  
  54  4:22  Probe x2  
  56  4:34  Probe x2  
  58  4:43  Adept  
  58  4:44  Adept  
  62  4:52  Probe x2  
  62  4:54  Pylon  
  62  4:57  Pylon  
  60  5:03  Twilight Council  
  60  5:04  Sentry x2, Probe x2, Forge  
  60  5:05  Probe, Pylon  
  64  5:14  Immortal (Chrono Boost)  
  64  5:17  Probe x2 (Chrono Boost)  
  64  5:18  Probe (Chrono Boost)  
  71  5:28  Probe x3 (Chrono Boost)  
  74  5:29  Charge  
  74  5:31  Pylon  
  74  5:32  Probe x2 (Chrono Boost)  
  74  5:33  Probe (Chrono Boost)  
  74  5:35  Protoss Ground Weapons Level 1 (Chrono Boost)  
  77  5:43  Gateway, Probe  
  77  5:44  Gateway  
  77  5:48  Probe x2  
  80  5:56  Immortal (Chrono Boost), Templar Archives  
  80  5:57  Pylon  
  80  6:01  Probe x2  
  80  6:02  Probe  
  87  6:06  Assimilator  
  87  6:10  Assimilator  
  87  6:16  Gateway  
  87  6:17  Gateway  
  87  6:23  Probe x3  
  87  6:25  Gateway x2  
  90  6:29  Pylon  
  90  6:31  Warp Prism (Chrono Boost)  
  92  6:36  Zealot x2  
  96  6:41  Pylon  
  96  6:43  Zealot x2  
  100  6:48  Photon Cannon  
  100  6:56  High Templar x2  
  100  7:00  Pylon  
  100  7:01  Archon  
  104  7:03  Pylon  
  104  7:06  Pylon  
  104  7:07  High Templar x2  
  108  7:13  Archon  
  108  7:18  High Templar x2  
  108  7:20  High Templar x2  
  116  7:24  Nexus  
  116  7:26  Archon x2, Protoss Ground Weapons Level 2 (Chrono Boost)  
  116  7:27  Pylon  
  116  7:30  Zealot x2  
  116  7:31  Psionic Storm  
  116  7:32  Photon Cannon  
  120  7:40  Zealot x2  
  120  7:42  Probe x3  
  127  8:01  High Templar x2  
  131  8:06  Photon Cannon  
  131  8:07  Photon Cannon  
  131  8:08  Photon Cannon  
  131  8:09  Probe x3  
  131  8:10  Photon Cannon  
  134  8:14  Gateway  
  134  8:15  Gateway  
  134  8:17  Gateway  
  134  8:19  Pylon  
  134  8:21  Probe, High Templar x2  
  134  8:24  Assimilator  
  134  8:25  Assimilator  
  131  8:33  Probe  
  131  8:34  Probe  
  133  8:35  Zealot x4  
  133  8:36  Zealot x2  
  141  8:48  Photon Cannon  
  139  8:53  Photon Cannon  
  139  8:54  Photon Cannon  
  139  8:59  Zealot x6  
  146  9:05  High Templar x2  
  146  9:09  Archon, High Templar x2  
  154  9:14  Fleet Beacon, Stargate  
  154  9:15  Sentry  
  156  9:34  Zealot  
  152  9:44  Stalker x10  
  136  9:57  Phoenix  
  118  10:10  Phoenix  
  116  10:15  Archon x2  
  104  10:22  Phoenix  
  84  10:33  Probe x2 (Chrono Boost)  
  84  10:34  Probe (Chrono Boost)  
  84  10:35  Probe (Chrono Boost), Phoenix  
  91  10:43  High Templar  
  91  10:44  Probe x4 (Chrono Boost)  
  91  10:48  Probe x3 (Chrono Boost)  
  91  10:49  Probe (Chrono Boost)  
  94  10:52  Gateway  
  92  10:59  Probe x2  
  91  11:05  Probe x2  
  91  11:11  Probe x2  
  91  11:17  Probe x2  
  94  11:20  Zealot x2  
Show
View Real Time Build Order
Export as new Build Order

Lambo Zerg - Winner!

Build Orders: Hatch First, Muta Ling Bane 

Get SALT Encoding   

  12  0:01  Drone  
  13  0:14  Overlord  
  13  0:17  Drone  
  14  0:32  Drone x2  
  16  0:49  Hatchery  
  15  0:52  Drone  
  15  0:56  Drone  
  17  0:58  Drone  
  18  1:10  Extractor  
  17  1:14  Spawning Pool  
  17  1:18  Drone  
  17  1:20  Drone  
  18  1:29  Drone  
  19  1:40  Drone  
  20  1:54  Overlord  
  20  2:01  Queen x2  
  20  2:02  Zergling x4  
  26  2:11  Drone  
  26  2:13  Drone  
  28  2:25  Drone x2  
  30  2:34  Hatchery  
  29  2:38  Pneumatized Carapace  
  29  2:39  Drone  
  29  2:42  Drone  
  31  2:46  Drone  
  31  2:49  Overlord  
  32  2:55  Queen  
  34  2:59  Drone  
  34  3:02  Drone  
  36  3:10  Drone x4  
  40  3:18  Overlord  
  40  3:20  Metabolic Boost  
  40  3:21  Drone x2  
  40  3:25  Spore Crawler  
  41  3:31  Zergling x4  
  43  3:35  Queen  
  45  3:45  Drone x4, Spore Crawler  
  45  3:48  Drone x2  
  50  3:51  Drone  
  51  3:57  Overlord  
  51  4:00  Drone x2  
  51  4:01  Spore Crawler  
  52  4:09  Drone x3  
  55  4:11  Drone  
  55  4:12  Drone  
  55  4:16  Drone  
  58  4:20  Drone x2  
  58  4:23  Queen  
  62  4:27  Zergling x2  
  62  4:30  Drone x2  
  65  4:31  Drone  
  65  4:36  Overlord  
  65  4:38  Lair  
  66  4:41  Extractor  
  66  4:42  Extractor  
  66  4:43  Drone  
  66  4:44  Evolution Chamber  
  66  4:45  Overlord  
  64  4:46  Drone  
  64  4:47  Drone  
  65  4:55  Drone x7  
  65  4:56  Drone  
  65  4:58  Extractor x2, Drone  
  72  5:05  Overlord  
  72  5:06  Drone x4  
  76  5:09  Drone  
  76  5:12  Roach Warren  
  76  5:14  Zerg Melee Weapons Level 1  
  76  5:17  Extractor, Drone x2  
  76  5:21  Drone  
  78  5:28  Hatchery, Drone x3  
  78  5:32  Drone x2  
  82  5:36  Overlord  
  82  5:38  Overlord  
  82  5:41  Overlord  
  82  5:45  Overlord  
  82  5:48  Baneling Nest  
  81  5:50  Infestation Pit  
  81  5:53  Glial Reconstitution  
  81  5:55  Roach x4  
  81  5:56  Overseer  
  88  5:59  Overlord x2  
  88  6:03  Roach x2  
  92  6:06  Roach  
  94  6:12  Roach x4  
  94  6:18  Roach x4  
  109  6:24  Drone  
  109  6:25  Drone x5  
  115  6:30  Spire  
  115  6:31  Drone  
  115  6:32  Drone  
  116  6:35  Unknown, Drone x2  
  116  6:36  Drone  
  116  6:38  Overlord  
  116  6:39  Drone  
  119  6:43  Drone  
  120  6:55  Zergling x20  
  120  6:56  Centrifical Hooks  
  132  7:02  Overlord  
  132  7:09  Overlord  
  132  7:11  Overlord, Ravager  
  132  7:12  Roach  
  132  7:13  Overlord  
  132  7:14  Overlord  
  135  7:16  Baneling x4  
  133  7:23  Zergling x2, Ravager x3  
  133  7:24  Zergling x14  
  133  7:27  Baneling x11  
  133  7:28  Zergling x2, Baneling  
  144  7:33  Zergling x2  
  144  7:34  Zergling x10  
  150  7:41  Zergling x10  
  155  7:47  Hive  
  155  7:48  Zerg Melee Weapons Level 2  
  155  7:51  Drone x2  
  155  7:54  Overlord  
  153  8:32  Queen  
  155  8:34  Overlord x2  
  155  8:37  Overlord  
  152  8:46  Hatchery  
  152  8:47  Mutalisk x5  
  152  8:48  Mutalisk x8  
  176  8:52  Mutalisk x7  
  177  9:08  Greater Spire  
  177  9:09  Zergling x2  
  187  9:10  Zergling x30  
  193  9:19  Evolution Chamber  
  190  9:34  Zergling x20  
  197  9:48  Baneling  
  197  9:49  Baneling x8  
  170  10:01  Overlord  
  170  10:06  Overlord  
  160  10:15  Zergling x22  
  160  10:18  Zergling x2  
  150  10:30  Corruptor x5  
  151  10:37  Corruptor x3  
  157  10:48  Zergling x2  
  157  10:49  Zergling x10  
  161  10:58  Corruptor x2  
  161  11:01  Zergling x10  
  164  11:17  Zergling x30  
Tags
 
Add a new tag
Caveats
  • Supply blocks, unpowered buildings, or Contaminate may cause inaccurate times.
  • Supply counts are checked every 10 seconds.